 Dungeon Crawl Stone Soup version 0.28.0 (webtiles) character file.

Game seed: 2145476021986296896

335 Dorkslayer the Conjurer (level 6, 0/39 HPs)
             Began as an Octopode Conjurer on Aug 21, 2022.
             Slain by a worm (5 damage)
             ... on level 3 of the Dungeon.
             The game lasted 00:11:31 (2778 turns).

Dorkslayer the Conjurer (Octopode Conjurer)         Turns: 2778, Time: 00:11:32

Health: 0/39       AC:  1    Str:  9    XL:     6   Next: 53%
Magic:  10/10      EV: 13    Int: 20    God:
Gold:   23         SH:  0    Dex: 10    Spells: 8/11 levels left

rFire   + . .      SeeInvis .   b - +0 hand axe
rCold   + . .      Faith    .   (no shield)
rNeg    . . .      Spirit   .   (helmet restricted)
rPois   +          Reflect  .   (no amulet)
rElec   +          Harm     .   (no ring)
rCorr   +          Rampage  .   (no ring)
Will    .....                   (no ring)
Stlth   +++.......              (no ring)
HPRegen 0.13/turn               (no ring)
MPRegen 0.12/turn               (no ring)
                                (no ring)
                                (no ring)

@: resistant
A: almost no armour, amphibious, 8 rings, camouflage 1, gelatinous body 1,
(nimble swimmer 1), tentacles
a: no special abilities


You were on level 3 of the Dungeon.
You visited 1 branch of the dungeon, and saw 3 of its levels.

You collected 49 gold pieces.
You spent 26 gold pieces at shops.

Inventory:

Hand Weapons
 b - a +0 hand axe (weapon)
Missiles
 f - 4 poisoned darts (quivered)
Jewellery
 m - an amulet of regeneration
Scrolls
 a - a scroll of magic mapping {unknown}
 e - 2 scrolls of teleportation {unknown}
 i - a scroll of noise {unknown}
 k - a scroll of torment {unknown}
 l - a scroll of immolation {unknown}
 n - a scroll of blinking {unknown}
Potions
 c - 2 potions of invisibility
 d - a potion of ambrosia


   Skills:
 * Level 2.1 Fighting
 + Level 1.5 Axes
 * Level 3.0 Dodging
 + Level 4.0 Stealth
 * Level 2.1 Unarmed Combat
 * Level 3.0 Spellcasting
 + Level 4.9 Conjurations


You had 8 spell levels left.
You knew the following spells:

 Your Spells              Type           Power      Damage    Failure   Level
a - Magic Dart            Conj           88%        1d7       1%          1
b - Searing Ray           Conj           44%        2d6       2%          2

Your spell library contained the following spells:

 Spells                   Type           Power      Damage    Failure   Level
 Dazzling Flash           Conj/Hex       24%        N/A       16%         3
 Fulminant Prism          Conj/Hex       6%         3d7       45%         4
 Iskenderun's Mystic Bla  Conj/Tloc      12%        2d5       45%         4


Dungeon Overview and Level Annotations

Branches:
Dungeon (3/15)

Altars:
Uskayaw

Shops:
D:1 ?


Innate Abilities, Weirdness & Mutations

You cannot wear most types of armour.
You are amphibious.
You can wear up to eight rings at the same time.
Your skin changes colour to match your surroundings (Stealth+).
Your rubbery body absorbs attacks. (AC +1, EV +1)
((You are camouflaged when in or above water. (Stealth+)))
You have tentacles for arms and can constrict up to eight enemies at once.


Message History

The water moccasin poisons you!
Unknown command.
You barely miss the water moccasin. Your grab misses the water moccasin.
Your squeeze misses the water moccasin.
The water moccasin is severely wounded.
You feel very sick. The water moccasin bites you.
Your orc hits the water moccasin with a +0 club.
The water moccasin closely misses you.
You closely miss the water moccasin. Your grab misses the water moccasin.
Your tentacle-slap misses the water moccasin.
The water moccasin is almost dead.
You feel very sick. The water moccasin barely misses you.
Your rat misses the water moccasin.
Your hobgoblin closely misses the water moccasin.
Your orc hits the water moccasin with a +0 club.
You hit the water moccasin.
You kill the water moccasin!
You feel sick.
Your Fighting skill increases to level 2!
Your Dodging skill increases to level 3!
Your Stealth skill increases to level 4!
Your Unarmed Combat skill increases to level 2!
Your Spellcasting skill increases to level 3!
You swap places.
You feel sick.
You feel sick.
You feel sick.
You feel sick.
You feel sick.
You feel sick.
You are no longer poisoned.
Found a potion of ambrosia.
A worm comes into view.
d - a potion of ambrosia
There are no items here.
The worm misses you.
You barely miss the worm. You grab the worm. You constrict the worm.
Your hobgoblin disappears in a puff of smoke!
Your rat bites the worm.
The worm bites you.
You die...

##+#####
####......#
#.........##
####.##.gw@...##
#....§...gr....#
#..##..##o.##..#
#.####o...## .#
#g## ##..## #
#g§## #..#
#§o§###..##
#.#§§§.....
##§#§o......


You could see a worm (ally target), a friendly orc (summoned), 2 friendly
goblins and a friendly rat (summoned).

Vanquished Creatures
  Sigmund (D:2)
  A water moccasin (D:3)
  A gnoll (D:1)
  A howler monkey skeleton (D:2)
  4 dart slugs
  4 ball pythons
  An endoplasm (D:1)
  3 giant cockroaches
  5 goblins
  A hobgoblin (D:1)
  4 jackals (D:1)
  2 quokkas
  2 bats
  5 frilled lizards
  8 kobolds
  2 rats (D:1)
45 creatures vanquished.

Notes
Turn   | Place    | Note
-------+----------+-------------------------------------------
     0 | D:1      | Dorkslayer the Octopode Conjurer began the quest for the
                  | Orb.
     0 | D:1      | Reached XP level 1. HP: 11/11 MP: 3/3
   199 | D:1      | Reached XP level 2. HP: 4/18 MP: 5/5
   640 | D:1      | Found Odage's Magic Scroll Boutique.
  1046 | D:1      | Reached XP level 3. HP: 18/22 MP: 6/6
  1714 | D:2      | Noticed Sigmund
  1733 | D:1      | Learned a level 2 spell: Searing Ray
  1791 | D:2      | Found a hide-covered altar of Uskayaw.
  1848 | D:2      | Reached skill level 1 in Fighting
  1978 | D:1      | Bought a scroll of identify for 26 gold pieces
  2064 | D:2      | Reached XP level 4. HP: 28/28 MP: 1/7
  2202 | D:2      | Reached skill level 1 in Unarmed Combat
  2453 | D:2      | Killed Sigmund
  2454 | D:2      | Reached skill level 1 in Axes
  2454 | D:2      | Reached XP level 5. HP: 18/34 MP: 3/9
  2454 | D:2      | Reached XP level 6. HP: 21/39 MP: 3/10
  2738 | D:3      | Noticed a water moccasin
  2753 | D:3      | HP: 1/39 [water moccasin (9)]
  2760 | D:3      | Killed a water moccasin
  2778 | D:3      | Slain by a worm

Illustrated notes

Levels and vault maps discovered:
D:1:      onia_arrival_mini_spirals, layout_basic, serial_shops,
          nicolae_shop_temple_entry_statues_fountains, minmay_misc_feat_roman,
          minmay_misc_feat_doors
D:2:      layout_loops_ring, basic_altar, uniq_sigmund
D:3:      layout_basic, lemuel_doored_altar, nicolae_vehumet_radiance,
          serial_shops, shop, chequers_ecumenical_altar_twisty,
          palyth_stone_intersect, uniq_grinder, uniq_terence

Skill      XL: |  1  2  3  4  5  6 |
---------------+-------------------+-----
Fighting       | 1 2 |  2.1
Stealth        | 3 4 |  4.0
Unarmed Combat | 1 2 |  2.1
Axes           | 1 |  1.5
Dodging        | 3 |  3.0
Spellcasting   | 3 |  3.0
Conjurations   | |  4.9

Action                   |  1- 3 |  4- 6 || total
-------------------------+-------+-------++-------
Melee: Hand axe          |    55 |    16 ||    71
       Constrict         |    17 |     3 ||    20
       Tentacles         |    11 |       ||    11
       Unarmed           |     1 |       ||     1
       Punch             |     1 |       ||     1
 Cast: Magic Dart        |    27 |    12 ||    39
       Searing Ray       |       |     6 ||     6
  Use: Scroll            |     2 |     3 ||     5
       Potion            |     1 |     6 ||     7
 Stab: Sleeping          |     4 |       ||     4
Armor: Skin              |     8 |       ||     8
Dodge: Dodged            |    43 |    11 ||    54
